 Dungeon Crawl Stone Soup version 0.19.1-1-g22dce08 (webtiles) character file.

12300 M4edhros the Covert (level 11, -9/79 HPs)
             Began as an Octopode Artificer on Jan 4, 2017.
             Mangled by a fire elemental (12 damage)
             ... led by Azrael
             ... on level 12 of the Dungeon.
             The game lasted 00:44:58 (48394 turns).

M4edhros the Covert (Octopode Artificer)           Turns: 48394, Time: 00:45:00

Health: -9/79      AC:  4    Str: 13    XL:     11   Next: 91%
Magic:  17/17      EV: 32    Int: 13    God:    Xom [....*.]
Gold:   172        SH:  0    Dex: 25    Spells: 0 memorised, 10 levels left

rFire  . . .     SeeInvis .     p - +0 flail (protect)
rCold  + . .     Gourm    .     (no shield)
rNeg   . . .     Faith    .     (helmet restricted)
rPois  .         Spirit   .     q - amulet of regeneration
rElec  +         Reflect  .     e - +4 ring of evasion
rCorr  +         Harm     .     L - +5 ring of dexterity
MR     ++...     Rnd*Rage +     n - ring of protection from cold (curse)
Stlth  +++++++++.               k - ring of stealth
                                V - ring of resist corrosion (curse)
                                (no ring)
                                (no ring)
                                (no ring)

@: agile
A: almost no armour, stealthy swim, amphibious, 8 rings, constrict 8, rugged
brown scales 1, yellow scales 1, camouflage 1, berserk 1, blurry vision 1, magic
resistance 2, mutation resistance 1, sense surroundings 1, screaming 1,
electricity resistance, gelatinous body 1
a: Renounce Religion


You were on level 12 of the Dungeon.
You worshipped Xom.
You were a beloved toy of Xom.
You were not hungry.

You visited 2 branches of the dungeon, and saw 13 of its levels.
You also visited: Ossuary and Bailey.

You collected 2058 gold pieces.
You spent 665 gold pieces at shops.
You paid 1221 gold pieces to Gozag.

Inventory:

Hand Weapons
 a - a +0 short sword
 p - a +0 flail of protection (weapon)
 P - a +5 hunting sling of flaming
 W - the +8 shortbow of Guofee {chaos, rPois rN+}
   (Xom gifted it to you in the Ecumenical Temple)

   Each projectile launched from it has a different, random effect.
   It protects you from poison.
   It protects you from negative energy.
Missiles
 h - 271 sling bullets
 D - 229 stones
 O - 50 tomahawks of returning (quivered)
Jewellery
 e - a +4 ring of evasion (left tentacle)
 k - a ring of stealth (on tentacle)
 n - a cursed ring of protection from cold (on tentacle)
 q - an amulet of regeneration (around mantle)
 L - a +5 ring of dexterity (right tentacle)
 V - a cursed ring of resist corrosion (on tentacle)
 Y - a +4 amulet of reflection {unknown}
 Z - an uncursed ring of ice
Wands
 b - a wand of flame (9/48)
 c - a wand of enslavement (0/24)
 d - a wand of random effects (1/48)
 i - a wand of acid (0/15)
 l - a wand of polymorph (13/24)
 t - a wand of slowing (20/48)
 x - a wand of iceblast (10/15)
 y - a wand of confusion (11/48)
 S - a wand of polymorph (0/24)
Scrolls
 m - 8 scrolls of teleportation
 s - 4 scrolls of remove curse
 u - 3 scrolls of magic mapping
 v - 5 scrolls of blinking
 w - 3 scrolls of fear
 C - 2 scrolls of enchant armour
 J - a scroll of torment
 M - 2 scrolls of recharging
 R - a scroll of enchant weapon
 T - 3 scrolls of identify
Potions
 g - 4 potions of brilliance
 j - 3 potions of agility
 o - 4 potions of heal wounds
 A - a potion of ambrosia
 B - a potion of might
 H - a potion of cancellation
 I - a potion of curing
 N - 6 potions of flight
 Q - a potion of magic
 U - a potion of lignification
Books
 z - a book of Misfortune

   Spells                             Type                      Level
   a - Confusing Touch                Hexes                        1
   b - Confuse                        Hexes                        3
   c - Gell's Gravitas                Hexes/Translocation          3
   d - Petrify                        Transmutation/Earth          4
   e - Metabolic Englaciation         Hexes/Ice                    5
   f - Yara's Violent Unravelling     Hexes/Transmutation          5
 F - a book of Conjurations

   Spells                             Type                      Level
   a - Magic Dart                     Conjuration                  1
   b - Searing Ray                    Conjuration                  2
   c - Dazzling Spray                 Conjuration/Hexes            3
   d - Fulminant Prism                Conjuration/Hexes            4
   e - Iskenderun's Mystic Blast      Conjuration                  4
   f - Iskenderun's Battlesphere      Conjuration/Charms           5
 X - a book of the Sky

   Spells                             Type                      Level
   a - Summon Lightning Spire         Summoning/Air                4
   b - Airstrike                      Air                          4
   c - Silence                        Hexes/Air                    5
   d - Deflect Missiles               Charms/Air                   6
   e - Conjure Ball Lightning         Conjuration/Air              6
   f - Tornado                        Air                          9
Miscellaneous
 K - a box of beasts
Comestibles
 f - 2 meat rations
 r - a beef jerky
 G - 13 fruits


   Skills:
 - Level 8.2 Fighting
 - Level 1.0 Short Blades
 * Level 5.9 Slings
 + Level 9.6 Dodging
 + Level 14.2 Stealth
 - Level 2.5 Unarmed Combat
 - Level 8.1 Evocations


You had 10 spell levels left.
You didn't know any spells.

Dungeon Overview and Level Annotations

Branches:
Dungeon (12/15)            Temple (1/1) D:5             Orc (0/2) D:9
   Lair: D:8-11

Altars:
Ashenzari
Cheibriados
Dithmenos
Elyvilon
Fedhas
Gozag
Hepliaklqana
Kikubaaqudgha
Makhleb
Nemelex Xobeh
Okawaru
Qazlal
Ru
Sif Muna
Trog
Uskayaw
Vehumet
Xom
Yredelemnul
Zin
The Shining One

Shops:
D:6 :   D:10 %

Annotations:
D:12 Azrael


Innate Abilities, Weirdness & Mutations

You cannot wear most types of armour.
You are very stealthy in the water. (Stealth+)
You are amphibious.
You can wear up to eight rings at the same time.
You can use your tentacles to constrict eight enemies at once.
Your skin changes colour to match your surroundings (Stealth+).
Your rubbery body absorbs attacks. (AC +1, EV +1)
You are partially covered in rugged brown scales. (AC +1, +3% HP)
You are partially covered in yellow scales. (AC +2)
You tend to lose your temper in combat.
Scrolls take you a little longer to read.
You are highly resistant to hostile enchantments. (MR++)
You are somewhat resistant to further mutation.
You passively map a small area around you.
You occasionally shout uncontrollably at your foes.
You are resistant to electric shocks. (rElec)


Message History

The hell hound completely misses you. The fire elemental hits you.
The fire elemental burns you!
* * * LOW HITPOINT WARNING * * *
Your juvenile stingox beast closely misses the fire elemental.
Your juvenile stingox beast stings the fire elemental.
Your juvenile stingox beast barely misses the fire elemental.
The fire elemental misses you.
The fire elemental completely misses your juvenile stingox beast.
The hell hound escapes!
The fire elemental misses you.
Unknown command.
Really read with blurry vision while enemies are nearby?
Okay, then.
Unknown command.
Gozag petitions for your drink to fail.
The fire elemental completely misses you.
The fire elemental hits you.
* * * LOW HITPOINT WARNING * * *
The fire elemental burns you!
You die...
Xom chuckles heartily!

##############
#............#######
#.............#.....
#..........§RE#.....
#......_...§EE..[...
#..........hE##.....
#..........E.##.....
#...EH.......####.##
#..@EEE......# #..#
#..hhE§.<....# ##.#
#####§######## .. *
* * #E# * * ** . *,
§O§, * > * * §.. *
#....§.. , ,
#....h... , , ,
*#....§ ,


You could see 6 fire elementals, a two-headed ogre (berserk), 2 hell hounds and
a friendly juvenile stingox beast.

Vanquished Creatures
  Fannar (D:10)
  Erica (D:11)
  An orc knight (Bailey)
  Pikel (D:4)
  2 hill giants
  A cyclops (D:12)
  Joseph (D:7)
  A troll (D:8)
  A two-headed ogre (D:8)
  2 hippogriffs
  7 yaks
  A wyvern (D:9)
  2 hungry ghosts
  3 water moccasins
  4 slaves (D:4)
  6 orc warriors
  Purgy (D:4)
  A sky beast (D:8)
  A phantom (D:7)
  8 centaurs
  4 ogres
  2 necrophages
  The ghost of cuckmaster the Stinger, an amateur OpVM (D:4)
  A big kobold (D:8)
  4 bullfrogs
  A wyvern zombie (Ossuary)
  2 water moccasin zombies
  A wyvern skeleton (D:12)
  2 scorpions
  10 worker ants
  2 killer bees (D:11)
  8 wights
  3 howler monkeys
  The ghost of cuckmaster the Stinger, a weakling OpVM (D:3)
  5 crimson imps
  A bullfrog zombie (D:10)
  3 centaur zombies
  2 jellies
  4 hounds
  2 quasits (D:11)
  3 centaur skeletons
  8 orc wizards
  4 iguanas
  3 hound zombies
  8 mummies (Ossuary)
  2 hound skeletons (D:6)
  A howler monkey zombie (Ossuary)
  A worker ant zombie (Ossuary)
  A howler monkey skeleton (D:4)
  12 gnolls
  9 adders
  2 river rats (D:10)
  An adder skeleton (D:10)
  2 adder zombies (Ossuary)
  3 worms
  2 dart slugs
  4 leopard geckos
  34 orcs
  2 ball pythons (D:3)
  7 giant cockroaches
  12 hobgoblins
  8 jackals
  4 quokkas
  17 bats
  6 frilled lizards
  3 giant cockroach zombies
  21 goblins
  A jackal zombie (Ossuary)
  21 kobolds
  A leopard gecko zombie (Ossuary)
  2 quokka zombies (Ossuary)
  10 rats
320 creatures vanquished.

Vanquished Creatures (collateral kills)
  A hill giant (D:12)
  A deep elf mage (D:12)
  A troll (D:12)
  3 killer bees (D:12)
  A crimson imp (D:12)
  An orc wizard (D:4)
  2 orc priests (D:5)
  6 mummies (Ossuary)
  A worker ant (D:5)
  3 orcs
  3 kobolds (D:8)
  A quokka (D:5)
  A jackal skeleton (D:5)
  A leopard gecko zombie (Ossuary)
26 creatures vanquished.

Vanquished Creatures (others)
  A black bear (D:8)
  A killer bee (D:12)
  An orc priest (D:11)
  4 mummies (Ossuary)
  8 fungi (D:10)
  3 plants (D:10)
  A withered plant (Ossuary)
19 creatures vanquished.

Grand Total: 365 creatures vanquished

Notes
Turn   | Place    | Note
-------+----------+-------------------------------------------
     0 | D:1      | M4edhros the Octopode Artificer began the quest for the Orb.
     0 | D:1      | Reached XP level 1. HP: 13/13 MP: 3/3
    67 | D:1      | Reached skill level 2 in Stealth
   109 | D:1      | Reached XP level 2. HP: 18/18 MP: 4/4
   161 | D:1      | Reached skill level 3 in Stealth
   398 | D:2      | Reached XP level 3. HP: 17/23 MP: 5/5
   440 | D:3      | Noticed cuckmaster's ghost (weakling OpVM)
   501 | D:4      | Noticed Purgy
   505 | D:4      | Noticed a scorpion
   509 | D:5      | Entered Level 5 of the Dungeon
   534 | D:5      | Noticed a centaur
   562 | D:5      | Reached skill level 4 in Stealth
   570 | D:5      | Reached XP level 4. HP: 18/28 MP: 6/6
   593 | D:5      | Noticed a bullfrog
   597 | D:5      | Found a staircase to the Ecumenical Temple.
   604 | D:5      | Killed a bullfrog
   604 | D:5      | Reached skill level 5 in Stealth
   604 | D:5      | Reached XP level 5. HP: 17/33 MP: 8/8
   608 | Temple   | Entered the Ecumenical Temple
   936 | D:4      | Found a glowing golden altar of the Shining One.
  1000 | D:4      | Noticed an ogre
  1009 | D:4      | Reached skill level 1 in Unarmed Combat
  1009 | D:4      | Reached XP level 6. HP: 38/38 MP: 9/9
  1069 | D:4      | Noticed cuckmaster's ghost (amateur OpVM)
  1264 | D:3      | Killed cuckmaster's ghost
  1264 | D:3      | Reached XP level 7. HP: 37/45 MP: 10/10
  1366 | D:3      | Found an iron altar of Okawaru.
  1573 | Temple   | Became a worshipper of Xom of Chaos
  1636 | D:5      | XOM: harmless Tloc miscast
  1838 | D:1      | Gained mutation: You have an increased reservoir of magic. (+10% MP) [potion of mutation]
  1838 | D:1      | Gained mutation: You evolve. [potion of mutation]
  1838 | D:1      | Gained mutation: You occasionally shout uncontrollably at your foes. [potion of mutation]
  1839 | D:1      | Gained mutation: Scrolls take you a little longer to read. [potion of mutation]
  1839 | D:1      | Gained mutation: You are dopey. (Int -2) [potion of mutation]
  1839 | D:1      | Gained mutation: You are covered in fur. (AC +1) [potion of mutation]
  1840 | D:1      | Gained mutation: One of your tentacles bears a spike. [potion of mutation]
  1841 | D:1      | Lost mutation: You are dopey. (Int -2) [potion of mutation]
  1841 | D:1      | Lost mutation: Scrolls take you a little longer to read. [potion of mutation]
  1842 | D:1      | XOM: silly message
  2203 | D:6      | Reached skill level 6 in Stealth
  2431 | D:6      | XOM: harmless Air miscast
  2447 | D:6      | XOM: cast spell 'Olgreb's Toxic Radiance'
  2547 | D:6      | XOM: silly message
  2550 | D:6      | Reached skill level 7 in Stealth
  2572 | D:6      | Found Demmeon's Book Shop.
  2658 | D:6      | XOM: harmless Tloc miscast
  2705 | D:7      | XOM: cast spell 'Alistair's Intoxication'
  2707 | D:7      | XOM: smoke on damage
  2726 | D:7      | Reached XP level 8. HP: 47/54 MP: 12/12
  2786 | D:7      | Found a sand-covered staircase.
  2840 | Temple   | XOM: cast spell 'Spider Form'
  2856 | Temple   | Fell from the grace of Xom
  2856 | Temple   | Became a worshipper of Gozag Ym Sagoz the Greedy
  2936 | Ossuary  | Entered an ossuary
  2976 | Ossuary  | Reached skill level 5 in Dodging
  2993 | Ossuary  | Reached skill level 8 in Stealth
  3001 | Ossuary  | Your ally bog died
  3016 | Ossuary  | Your ally bog died
  3181 | Ossuary  | Gained mutation: You are robust. (+10% HP) [potion of mutation]
  3181 | Ossuary  | Lost mutation: You are robust. (+10% HP) [potion of mutation]
  3181 | Ossuary  | Gained mutation: Your flesh is heat resistant. (rF+) [potion of mutation]
  3430 | D:7      | Reached skill level 9 in Stealth
  3589 | D:7      | Noticed Joseph
  3598 | D:8      | Reached skill level 5 in Fighting
  3608 | D:8      | Noticed a hippogriff
  3625 | D:8      | Killed a hippogriff
  3625 | D:8      | Reached skill level 10 in Stealth
  3625 | D:8      | Reached XP level 9. HP: 12/61 MP: 13/13
  3843 | D:8      | Noticed a troll
  3884 | D:8      | Killed a troll
  4113 | D:8      | XOM: mild Ice miscast
  4220 | D:8      | Reached skill level 5 in Evocations
  4284 | D:8      | You fall through a shaft for 3 floors!
  4410 | D:11     | Gained mutation: You possess an exceptional clarity of mind. [evolution]
  4447 | D:10     | XOM: noise
  4447 | D:10     | Entered Level 10 of the Dungeon
  4550 | D:9      | Reached skill level 11 in Stealth
  4611 | D:9      | Found a staircase to the Orcish Mines.
  4726 | D:9      | XOM: severe Necr miscast
  4751 | D:9      | Found a flagged portal.
  4878 | Bailey   | Entered a bailey
  4901 | Bailey   | Noticed an orc knight
  4922 | Bailey   | Killed an orc knight
  4922 | Bailey   | Reached XP level 10. HP: 31/69 MP: 14/16
  5394 | D:9      | XOM: medium Ice miscast
  5510 | D:9      | Found a snail-covered altar of Cheibriados.
  5512 | D:9      | too bad Chei... I'm with gozag right now
  5590 | D:9      | Reached skill level 12 in Stealth
  5632 | D:9      | Lost mutation: One of your tentacles bears a spike. [potion of cure mutation]
  5632 | D:9      | Lost mutation: You evolve. [potion of cure mutation]
  5632 | D:9      | Lost mutation: You occasionally shout uncontrollably at your foes. [potion of cure mutation]
  5632 | D:9      | Lost mutation: You have an increased reservoir of magic. (+10% MP) [potion of cure mutation]
  5632 | D:9      | Lost mutation: You possess an exceptional clarity of mind. [potion of cure mutation]
  5632 | D:9      | Lost mutation: Your flesh is heat resistant. (rF+) [potion of cure mutation]
  6605 | D:7      | Noticed a hill giant
  6616 | D:7      | Killed a hill giant
  6703 | D:7      | Killed Joseph
  6763 | D:7      | XOM: mild Ice miscast
  6817 | D:7      | XOM: mild Tmut miscast
  7135 | D:6      | XOM: noise
  7250 | D:6      | You fall through a shaft for 3 floors!
  7377 | D:5      | Reached XP level 11. HP: 77/77 MP: 16/16
  7559 | D:4      | Killed Purgy
  7615 | D:4      | Noticed Pikel
  7679 | D:4      | Killed Pikel
  7679 | D:4      | Reached skill level 13 in Stealth
  7715 | D:4      | Killed cuckmaster's ghost
  8446 | D:2      | Found a stormy altar of Qazlal.
  9372 | D:6      | XOM: give mutations
  9372 | D:6      | Gained mutation: Your magical capacity is low. (-10% MP) [Xom's mischief]
  9372 | D:6      | Gained mutation: Your spells are a little easier to cast, but a little less powerful. [Xom's mischief]
  9372 | D:6      | Gained mutation: You occasionally shout uncontrollably at your foes. [Xom's mischief]
  9397 | D:6      | XOM: stat loss: -1 Str (12/13)
  9669 | D:10     | Found an iron altar of Okawaru.
  9711 | D:10     | Reached skill level 1 in Slings
  9850 | D:10     | Noticed Fannar
  9877 | D:10     | XOM: polymorph rat -> gnoll
  9910 | D:10     | Bought a bread ration for 55 gold pieces
  9910 | D:10     | Bought a bread ration for 55 gold pieces
  9910 | D:10     | Bought a beef jerky for 16 gold pieces
  9910 | D:10     | Bought a beef jerky for 16 gold pieces
  9910 | D:10     | Bought a bread ration for 55 gold pieces
  9910 | D:10     | Bought a slice of pizza for 16 gold pieces
  9910 | D:10     | Bought a bread ration for 55 gold pieces
  9910 | D:10     | Bought a beef jerky for 16 gold pieces
  9910 | D:10     | Bought a meat ration for 55 gold pieces
  9910 | D:10     | Bought a bread ration for 55 gold pieces
  9910 | D:10     | Bought a meat ration for 55 gold pieces
  9911 | D:10     | Bought a beef jerky for 18 gold pieces
  9911 | D:10     | Bought a slice of pizza for 18 gold pieces
  9911 | D:10     | Bought a meat ration for 60 gold pieces
  9911 | D:10     | Bought a meat ration for 60 gold pieces
  9911 | D:10     | Bought a meat ration for 60 gold pieces
 10158 | Temple   | Fell from the grace of Gozag
 10158 | Temple   | Became a worshipper of Xom of Chaos
 11071 | Temple   | XOM: harmless Tmut miscast
 11144 | Temple   | XOM: divination: detect creatures
 11348 | Temple   | XOM: harmless Hex miscast
 11835 | Temple   | XOM: divination: detect items
 12944 | Temple   | XOM is BORED!
 13176 | Temple   | XOM: silly message
 13656 | Temple   | XOM: god gift: 11 gold pieces
 14003 | Temple   | XOM: give mutation
 14003 | Temple   | Gained mutation: You are partially covered in yellow scales. (AC +2) [Xom's mischief]
 14029 | Temple   | XOM: harmless Pois miscast
 14594 | Temple   | XOM is BORED!
 14594 | Temple   | XOM: noise
 14763 | Temple   | XOM: medium Ice miscast
 14947 | Temple   | XOM is BORED!
 15502 | Temple   | XOM: give mutations
 15502 | Temple   | Gained mutation: Scrolls take you a little longer to read. [Xom's mischief]
 15502 | Temple   | Gained mutation: You are frail. (-10% HP) [Xom's mischief]
 15502 | Temple   | Gained mutation: You are dopey. (Int -2) [Xom's mischief]
 17368 | Temple   | XOM is BORED!
 17942 | Temple   | XOM: medium Ice miscast
 17988 | Temple   | XOM: give mutations
 17988 | Temple   | Lost mutation: Scrolls take you a little longer to read. [Xom's mischief]
 17988 | Temple   | Lost mutation: Your magical capacity is low. (-10% MP) [Xom's mischief]
 17988 | Temple   | Lost mutation: You are frail. (-10% HP) [Xom's mischief]
 18124 | Temple   | XOM: god gift: 17 sling bullets
 18277 | Temple   | XOM: harmless Pois miscast
 19039 | Temple   | XOM: cloud trail
 19751 | Temple   | XOM is BORED!
 19751 | Temple   | XOM: medium Summ miscast
 20146 | Temple   | XOM: mild Tmut miscast
 20664 | Temple   | XOM: god gift: potion of magic
 20860 | Temple   | XOM is BORED!
 20860 | Temple   | XOM: mild Hex miscast
 21153 | Temple   | XOM: scenery: 1 doors close
 21217 | Temple   | XOM: cast spell 'Necromutation'
 22174 | Temple   | XOM is BORED!
 22174 | Temple   | XOM: mild Erth miscast
 23125 | Temple   | XOM: scenery: 1 doors open
 23134 | Temple   | XOM: silly message
 24998 | Temple   | XOM is BORED!
 25353 | Temple   | XOM: give mutation
 25353 | Temple   | Gained mutation: You passively map a small area around you. [Xom's grace]
 25468 | Temple   | XOM: give mutation
 25468 | Temple   | Gained mutation: You are partially covered in iridescent scales. (AC +2) [Xom's grace]
 25695 | Temple   | XOM: cast spell 'Hydra Form'
 25909 | Temple   | XOM: noise
 26484 | Temple   | XOM: give mutation
 26484 | Temple   | Gained mutation: You are weak. (Str -2) [Xom's mischief]
 26521 | Temple   | XOM: harmless Air miscast
 26817 | Temple   | XOM: god gift: pair of gloves {god gift}
 27597 | Temple   | XOM: god gift: iron ring {god gift}
 28296 | Temple   | XOM: give mutations
 28296 | Temple   | Lost mutation: Your spells are a little easier to cast, but a little less powerful. [Xom's mischief]
 28296 | Temple   | Lost mutation: You occasionally shout uncontrollably at your foes. [Xom's mischief]
 28296 | Temple   | Lost mutation: You are weak. (Str -2) [Xom's mischief]
 28302 | Temple   | XOM: cloud trail
 28454 | Temple   | XOM: mild Ice miscast
 28659 | Temple   | XOM: cloud trail
 28676 | Temple   | XOM: silly message
 28705 | Temple   | XOM: mild Tmut miscast
 28906 | Temple   | XOM: scenery: 1 doors close
 29477 | Temple   | XOM: harmless Conj miscast
 29977 | Temple   | XOM: silly message
 30189 | Temple   | XOM: divination: magic mapping
 30286 | Temple   | XOM: harmless Fire miscast
 30583 | Temple   | XOM: silly message
 30817 | Temple   | XOM is BORED!
 30817 | Temple   | XOM: medium Chrm miscast
 31082 | Temple   | XOM: cloud trail
 31201 | Temple   | XOM: cloud trail
 31241 | Temple   | XOM: divination: detect creatures
 32056 | Temple   | XOM: harmless Hex miscast
 32776 | Temple   | XOM: noise
 32926 | Temple   | XOM: give mutations
 32926 | Temple   | Gained mutation: You regenerate slowly when monsters are visible. [Xom's mischief]
 32926 | Temple   | Lost mutation: You are dopey. (Int -2) [Xom's mischief]
 32926 | Temple   | Gained mutation: You occasionally shout uncontrollably at your foes. [Xom's mischief]
 32926 | Temple   | Gained mutation: You are partially covered in rugged brown scales. (AC +1, +3% HP) [Xom's mischief]
 32969 | Temple   | XOM: noise
 32982 | Temple   | XOM is BORED!
 32982 | Temple   | XOM: give mutations
 32982 | Temple   | Lost mutation: You regenerate slowly when monsters are visible. [Xom's mischief]
 32982 | Temple   | Gained mutation: Your body sometimes deteriorates upon taking damage. [Xom's mischief]
 32982 | Temple   | Lost mutation: Your body sometimes deteriorates upon taking damage. [Xom's mischief]
 33068 | Temple   | XOM: give mutations
 33068 | Temple   | Gained mutation: You are somewhat resistant to further mutation. [Xom's mischief]
 33068 | Temple   | Lost mutation: You are partially covered in iridescent scales. (AC +2) [Xom's mischief]
 33068 | Temple   | Gained mutation: You are clumsy. (Dex -2) [Xom's mischief]
 33068 | Temple   | Gained mutation: Your body sometimes deteriorates upon taking damage. [Xom's mischief]
 33627 | Temple   | XOM: cast spell 'Summon Butterflies'
 33805 | Temple   | XOM: harmless Tmut miscast
 33981 | Temple   | XOM: give mutations
 33981 | Temple   | Gained mutation: Your system is resistant to poisons. (rPois) [Xom's grace]
 33981 | Temple   | Gained mutation: One of your tentacles bears a spike. [Xom's grace]
 33981 | Temple   | Gained mutation: Your spells are a little harder to cast, but a little more powerful. [Xom's grace]
 34293 | Temple   | XOM is BORED!
 34293 | Temple   | XOM: give mutations
 34293 | Temple   | Lost mutation: You are clumsy. (Dex -2) [Xom's mischief]
 34293 | Temple   | Lost mutation: One of your tentacles bears a spike. [Xom's mischief]
 34310 | Temple   | XOM: scenery: 1 doors open
 34577 | Temple   | XOM: give mutation
 34577 | Temple   | Gained mutation: You are resistant to hostile enchantments. (MR+) [Xom's grace]
 34882 | Temple   | XOM: god gift: brightly glowing shortbow {god gift}
 34883 | Temple   | Got a brightly glowing shortbow {god gift}
 34884 | Temple   | Identified the +8 shortbow of Guofee {chaos, rPois rN+} (Xom gifted it to you in the Ecumenical Temple)
 34919 | Temple   | XOM: stat loss: -1 Str (11/13)
 35029 | Temple   | XOM: harmless Tmut miscast
 35036 | Temple   | XOM: give mutations
 35036 | Temple   | Lost mutation: Your spells are a little harder to cast, but a little more powerful. [Xom's mischief]
 35384 | Temple   | XOM: summons 2 hostile demons
 35478 | D:5      | XOM: mild Necr miscast
 35562 | Temple   | XOM: give mutations
 35562 | Temple   | Lost mutation: You are somewhat resistant to further mutation. [Xom's mischief]
 35562 | Temple   | Lost mutation: Your body sometimes deteriorates upon taking damage. [Xom's mischief]
 35988 | Temple   | XOM: mild Divn miscast
 36285 | Temple   | XOM: mild Tmut miscast
 36380 | Temple   | XOM: mild Ice miscast
 37189 | Temple   | XOM: give mutations
 37189 | Temple   | Gained mutation: You are resistant to electric shocks. (rElec) [Xom's grace]
 37189 | Temple   | Gained mutation: You are somewhat resistant to further mutation. [Xom's grace]
 37370 | Temple   | XOM: give mutations
 37370 | Temple   | Gained mutation: You possess an exceptional clarity of mind. [Xom's grace]
 37370 | Temple   | Gained mutation: You are partially covered in large bone plates. (SH +4) [Xom's grace]
 37861 | Temple   | XOM: scenery: 1 doors close
 38208 | Temple   | XOM: harmless Conj miscast
 38312 | Temple   | XOM is BORED!
 38312 | Temple   | XOM: mild Tmut miscast
 38413 | Temple   | XOM: mild Fire miscast
 39045 | Temple   | XOM: medium Chrm miscast
 39274 | Temple   | XOM: harmless Conj miscast
 39494 | Temple   | XOM: medium Hex miscast
 39828 | Temple   | XOM: harmless Summ miscast
 40063 | Temple   | XOM: scenery: 1 doors open
 40714 | Temple   | XOM is BORED!
 40714 | Temple   | XOM: give mutations
 40714 | Temple   | Lost mutation: You are covered in fur. (AC +1) [Xom's mischief]
 40714 | Temple   | Gained mutation: Scrolls take you a little longer to read. [Xom's mischief]
 40714 | Temple   | Lost mutation: You are partially covered in large bone plates. (SH +4) [Xom's mischief]
 40714 | Temple   | Lost mutation: You possess an exceptional clarity of mind. [Xom's mischief]
 40823 | Temple   | XOM: give mutation
 40823 | Temple   | Lost mutation: Your system is resistant to poisons. (rPois) [Xom's mischief]
 41090 | Temple   | XOM: give mutations
 41090 | Temple   | Gained mutation: You tend to lose your temper in combat. [Xom's mischief]
 41090 | Temple   | Gained mutation: You are highly resistant to hostile enchantments. (MR++) [Xom's mischief]
 42008 | Temple   | XOM: summons 5 hostile demons
 42013 | D:5      | XOM: summons 2 hostile shadow creatures
 42312 | Temple   | XOM: stat loss: -1 Dex (19/20)
 44529 | Temple   | XOM is BORED!
 44720 | Temple   | XOM: mild Tmut miscast
 44890 | Temple   | XOM: mild Necr miscast
 46093 | Temple   | XOM: silly message
 46106 | Temple   | XOM: harmless Tloc miscast
 46182 | Temple   | XOM: harmless Air miscast
 47002 | D:10     | Noticed a hill giant
 47011 | D:10     | Killed a hill giant
 47121 | D:10     | XOM: enchant monster (good)
 47133 | D:10     | XOM: mild Divn miscast
 47139 | D:10     | Killed Fannar
 47230 | D:11     | XOM: noise
 47288 | D:11     | Noticed Erica
 47325 | D:11     | Killed Erica
 47411 | D:11     | XOM: destruction
 47413 | D:11     | XOM: confuse monster(s)
 47702 | D:11     | Reached skill level 5 in Slings
 47731 | D:11     | XOM: harmless Fire miscast
 47734 | D:11     | XOM: summons 2 friendly demons
 47935 | D:12     | Noticed a hill giant
 47937 | D:12     | XOM: enchant monster (good)
 47949 | D:12     | Killed a hill giant
 47949 | D:12     | Reached skill level 14 in Stealth
 48032 | D:12     | Noticed a cyclops
 48035 | D:12     | XOM: scenery: 1 doors open, 1 doors close
 48051 | D:12     | XOM: divine lightning (protected)
 48052 | D:12     | Killed a cyclops
 48174 | D:12     | Noticed a deep elf mage
 48175 | D:12     | Noticed Azrael
 48175 | D:12     | XOM: scenery: create altars
 48311 | D:12     | XOM: cloud trail
 48381 | D:12     | XOM: 1-stop teleportation journey
 48391 | D:12     | Killed a deep elf mage
 48394 | D:12     | HP: 3/79 [fire elemental[Azrael] (1)]
 48394 | D:12     | Mangled by a fire elemental

Skill      XL: |  1  2  3  4  5  6  7  8  9 10 11 |
---------------+----------------------------------+-----
Stealth        | 2 3 4 5 7 10 11 12 14 | 14.2
Evocations     | 4 6 7 8 |  8.1
Dodging        | 3 4 5 7 8 9 |  9.6
Unarmed Combat | 1 2 |  2.5
Fighting       | 2 3 5 6 7 8 |  8.2
Slings         | 5 |  5.9
Short Blades   | |  1.0

Action                   |  1- 3 |  4- 6 |  7- 9 | 10-12 || total
-------------------------+-------+-------+-------+-------++-------
Melee: Short sword       |    50 |    50 |    35 |   400 ||   535
       Constrict         |    17 |    11 |    61 |   130 ||   219
       Tentacles         |     9 |    13 |    90 |   182 ||   294
       Punch             |       |     1 |     9 |    17 ||    27
       Dagger            |       |       |   378 |       ||   378
       Kick              |       |       |   109 |    37 ||   146
       Flail             |       |       |    10 |   236 ||   246
       Unarmed           |       |       |       |    17 ||    17
Invok: Call Merchant     |       |       |       |     2 ||     2
Evoke: Wand              |     2 |    16 |    40 |    38 ||    96
       Box of beasts     |       |       |       |     3 ||     3
  Use: Scroll            |       |     4 |    12 |    10 ||    26
       Potion            |       |       |     9 |    10 ||    19
 Stab: Sleeping          |     2 |     1 |    15 |    17 ||    35
       Paralysed         |       |     2 |     1 |       ||     3
       Distracted        |       |       |     2 |    10 ||    12
       Confused          |       |       |       |     8 ||     8
  Eat: Chunk             |       |     1 |     5 |     6 ||    12
       Bread ration      |       |       |     2 |    11 ||    13
       Pizza             |       |       |       |     4 ||     4
       Meat ration       |       |       |       |    13 ||    13
       Beef jerky        |       |       |       |     5 ||     5
Armor: Skin              |     6 |     2 |    35 |   121 ||   164
Dodge: Dodged            |    54 |    36 |   350 |   988 ||  1428
